 Dungeon Crawl Stone Soup version 0.30-a0-989-g0d87f670db (webtiles) character file.

Game seed: 8846504125783034055

226 112233 the Grave Robber (level 5, 0/52 HPs)
             Began as a Demonspawn Necromancer on Apr 4, 2023.
             Slain by Edmund
             ... wielding a +1 dire flail of holy wrath
              (6 damage)
             ... on level 5 of the Dungeon.
             The game lasted 00:04:06 (3669 turns).

112233 the Grave Robber (Demonspawn Necromancer)    Turns: 3669, Time: 00:04:06

Health: 0/52       AC: 22    Str:  8    XL:     5   Next: 69%
Magic:  11/19      EV:  2    Int: 18    God:
Gold:   239        SH:  0    Dex: 14    Spells: 8/12 levels left

rFire   . . .      SeeInvis .    (no weapon)
rCold   . . .      Faith    .    (no shield)
rNeg    . . .      Spirit   .    a - melded +0 robe
rPois   +          Reflect  .    (helmet currently unavailable)
rElec   .          Rampage  .    (cloak currently unavailable)
rCorr   .          NoTele   +    (gloves currently unavailable)
Will    +....                    (boots currently unavailable)
Stlth   ++                       (no amulet)
HPRegen 0.28/turn                p - ring of magical power
MPRegen 0.32/turn                (no ring)

@: tree-form, very slightly contaminated
A: stationary, stasis, torment immunity, boosted hp, (horns 1), magic
regeneration, low MP 1, strong-willed 1
a: no special abilities


You were on level 5 of the Dungeon.
You were a tree.
You visited 1 branch of the dungeon, and saw 5 of its levels.

You collected 239 gold pieces.

Inventory:

Hand Weapons
 g - a +0 dagger
 x - the +6 rapier of Tender Mercy {antimagic, rCorr Int+7 Dex+6}
   (You found it on level 4 of the Dungeon)

   Int:       It affects your intelligence (+7).
   Dex:       It affects your dexterity (+6).
   rCorr:     It protects you from acid and corrosion.
 y - a +2 short sword of venom
Armour
 a - a +0 robe (melded)
Jewellery
 h - a ring of ice
 l - a ring of fire
 p - a ring of magical power (left branch)
Wands
 u - a wand of roots (5)
Scrolls
 b - a scroll of magic mapping {unknown}
 e - 2 scrolls of teleportation {unknown}
 f - 7 scrolls of identify {unknown}
 k - 3 scrolls of vulnerability {unknown}
 n - 2 scrolls of fog {unknown}
 o - a scroll of noise {unknown}
 r - a scroll of immolation {unknown}
Potions
 c - 2 potions of mutation
 i - a potion of heal wounds {unknown}
 j - a potion of brilliance {unknown}
 m - a potion of berserk rage {unknown}
 q - a potion of degeneration {unknown}
 s - a potion of invisibility {unknown}
 t - a potion of magic
 v - 2 potions of haste {unknown}
 w - a potion of resistance


   Skills:
 - Level 1.8 Dodging
 - Level 1.8 Stealth
 + Level 4.1 Spellcasting
 + Level 6.2 Necromancy


You had 8 spell levels left.
You knew the following spells:

 Your Spells              Type           Power      Damage    Failure   Level
a - Necrotise             Necr           100%       1d9       1%          1
b - Vampiric Draining     Necr           26%        2d7       3%          3

Your spell library contained the following spells:

 Spells                   Type           Power      Damage    Failure   Level
 Animate Dead             Necr           26%        N/A       11%         4
 Magic Dart               Conj           12%        1d3       14%         1
 Blink                    Tloc           6%         N/A       22%         2
 Lesser Beckoning         Tloc           6%         N/A       22%         2
 Momentum Strike          Conj/Tloc      6%         3d8       22%         2
 Searing Ray              Conj           6%         2d4       22%         2
 Agony                    Necr           26%        N/A       30%         5
 Fulminant Prism          Conj/Hex       1%         3d5       82%         4


Dungeon Overview and Level Annotations

Branches:
Dungeon (5/15)
 Temple: D:4-7

Altars:
Fedhas

Shops:
D:2 ?

Annotations:
D:2 exclusion: downstairs
D:4 Pikel
D:5 Edmund


Innate Abilities, Weirdness & Mutations

You are a tree.
Your roots penetrate the ground, keeping you stationary.
You cannot be teleported.
You are immune to unholy pain and torment.
Your maximum health is greatly increased.
Your equipment is partially melded.
((You have a pair of small horns on your head.))
You regenerate magic rapidly.
Your magical capacity is low. (-10% MP)
You are strong-willed. (Will+)


Message History

Confirm with . or Enter, or press ? or * to list all spells.
Aiming: Vampiric Draining (dangerous; 3% risk of failure)
Press: ? - help, Shift-Dir - straight line, f - Edmund
Aim: Edmund, wielding a +1 dire flail of holy wrath and wearing a +0 leather armour (heavily wounded)
You draw life force from Edmund!
You feel life coursing into your body. The lemure hits you but does no damage.
Edmund hits you with a +1 dire flail of holy wrath!
You convulse!
Unknown command.
You barely miss Edmund.
Edmund is severely wounded.
Edmund hits you with a +1 dire flail of holy wrath!
You convulse!
* * * LOW HITPOINT WARNING * * *
The lemure hits you but does no damage.
Unknown command.
You are too injured to fight recklessly!
Casting: Vampiric Draining (dangerous; 3% risk of failure)
Confirm with . or Enter, or press ? or * to list all spells.
Aiming: Vampiric Draining (dangerous; 3% risk of failure)
Press: ? - help, Shift-Dir - straight line, f/p - Edmund
Aim: Edmund, wielding a +1 dire flail of holy wrath and wearing a +0 leather armour (severely wounded)
You miscast Vampiric Draining.
You are very lightly contaminated with residual magic.
Nothing appears to happen.
Edmund hits you with a +1 dire flail of holy wrath.
* * * LOW HITPOINT WARNING * * *
You convulse.
* * * LOW HITPOINT WARNING * * *
The lemure hits you.
* * * LOW HITPOINT WARNING * * *
Casting: Vampiric Draining (dangerous; 3% risk of failure)
Confirm with . or Enter, or press ? or * to list all spells.
Aiming: Vampiric Draining (dangerous; 3% risk of failure)
Press: ? - help, Shift-Dir - straight line, f/p - Edmund
Aim: Edmund, wielding a +1 dire flail of holy wrath and wearing a +0 leather armour (severely wounded)
You draw life force from Edmund!
You feel life coursing into your body. The lemure hits you but does no damage.
Edmund hits you with a +1 dire flail of holy wrath.
You die...

##+##
##...##
##.....##
##.......##
#.........#
+...@.....+
#...♣5....#
##.......##
##.....##
##...##
##... .$##
..# ...


You could see Edmund and a lemure.

Vanquished Creatures
  An orc priest (D:3)
  A jelly (D:3)
  Ijyb (D:3)
  Robin (D:4)
  4 adders
  A dart slug (D:2)
  6 orcs
  4 bats
  5 endoplasms
  3 giant cockroaches
  12 goblins
  10 hobgoblins
  7 jackals
  9 kobolds
  3 quokkas
  5 ball pythons
  3 frilled lizards
  4 rats
80 creatures vanquished.

Vanquished Creatures (collateral kills)
  An orc (D:3)
  A ball python (D:2)
2 creatures vanquished.

Grand Total: 82 creatures vanquished

Notes
Turn   | Place    | Note
-------+----------+-------------------------------------------
     0 | D:1      | 112233 the Demonspawn Necromancer began the quest for the
                  | Orb.
     0 | D:1      | Reached XP level 1. HP: 13/13 MP: 3/3
   243 | D:1      | Gained mutation: Your magical capacity is low. (-10% MP)
                  | [potion of mutation]
   243 | D:1      | Gained mutation: You are strong-willed. (Will+) [potion of
                  | mutation]
   252 | D:1      | Gained mutation: You regenerate magic rapidly. [demonic
                  | ancestry]
   252 | D:1      | Reached XP level 2. HP: 7/19 MP: 0/4
  1126 | D:2      | Gained mutation: You have a pair of small horns on your
                  | head. [demonic ancestry]
  1126 | D:2      | Reached XP level 3. HP: 24/24 MP: 1/6
  1204 | D:2      | Reached skill level 5 in Necromancy
  1355 | D:2      | Found a blossoming altar of Fedhas.
  1764 | D:2      | Learned a level 3 spell: Vampiric Draining
  1776 | D:2      | Found Okkeex's Magic Scroll Shop.
  2045 | D:3      | Reached XP level 4. HP: 30/30 MP: 4/7
  2379 | D:3      | Reached XP level 5. HP: 35/35 MP: 9/9
  2688 | D:3      | Noticed Ijyb
  2696 | D:3      | Killed Ijyb
  2697 | D:3      | Reached skill level 6 in Necromancy
  3024 | D:4      | Identified the +6 rapier of Tender Mercy {antimagic, rCorr
                  | Int+7 Dex+6}
  3047 | D:4      | Noticed Robin
  3552 | D:4      | Killed Robin
  3653 | D:4      | Noticed a lemure
  3654 | D:4      | Noticed Pikel
  3654 | D:4      | Noticed a lemure
  3654 | D:4      | Noticed a lemure
  3654 | D:4      | Noticed a lemure
  3661 | D:5      | Entered Level 5 of the Dungeon
  3661 | D:5      | Noticed Edmund
  3668 | D:5      | HP: 2/52 [lemure[Pikel] (4)]
  3669 | D:5      | Slain by Edmund

Illustrated notes

Levels and vault maps discovered:
D:1:      kennysheep_arrival_forest, layout_basic, corner_web_ring,
          minmay_pentomino_s4
D:2:      layout_loops_ring, basic_altar, serial_shops, nicolae_shop_trees
D:3:      layout_loops_ring, chequers_jeans, minmay_tree_intersection,
          nicolae_elevator_lobby_asterisk, uniq_ijyb
D:4:      layout_cave_pools, gup_sewer_entry_bowl, st_stairs_10,
          minmay_misc_feat_tower, uniq_robin, uniq_pikel,
          uniq_crazy_yiuf_cottage
D:5:      layout_loops_corners, grunt_dithmenos_smoke_and_mirrors,
          minmay_temple_entry_statues_pillars, dreamdust_princess_bridge,
          grunt_ministairs_6, minmay_checkerbox, uniq_duvessa, uniq_edmund

Skill      XL: |  1  2  3  4  5 |
---------------+----------------+-----
Necromancy     | 5 6 |  6.2
Spellcasting   | 3 4 |  4.1
Dodging        | |  1.8
Stealth        | |  1.8

Action                     |  1- 3 |  4- 6 || total
---------------------------+-------+-------++-------
  Melee: Dagger            |    17 |     1 ||    18
         Unarmed           |     5 |     3 ||     8
         Punch             |     1 |       ||     1
   Cast: Necrotise         |    78 |    72 ||   150
         Vampiric Draining |       |     9 ||     9
  Evoke: Wand              |       |     1 ||     1
    Use: Potion            |     3 |     1 ||     4
 Armour: Robe              |    10 |     9 ||    19
         Skin              |       |     7 ||     7
  Dodge: Dodged            |    34 |    39 ||    73

Table legend: (Time is in decaauts)
 A = Elapsed time spent in this place.
 B = Non-inter-level travel time spent in this place.
 C = Inter-level travel time spent in this place.
 D = Time resting spent in this place.
 E = Time spent auto-exploring this place.
 F = Levels seen in this place.
 G = Mean time per level.
                   A        B        C        D        E       F      G
               +--------+--------+--------+--------+--------+-----+--------+
         Total |   3671 |   3571 |    100 |    657 |   2423 |   5 |  734.2 |
       Dungeon |   3671 |   3571 |    100 |    657 |   2423 |   5 |  734.2 |
               +--------+--------+--------+--------+--------+-----+--------+

Top non-repeatable levels by time:
     D:3: 1323 daAuts
     D:2: 1170 daAuts
     D:1: 1001 daAuts
     D:4: 167 daAuts
     D:5: 7 daAuts
